 Dungeon Crawl Stone Soup version 0.31-a0-237-g2d982f9f85 (webtiles) character file.

Game seed: 3294044751381645945

4 qw the Shooter (level 1, -3/16 HPs)
             Began as a Minotaur Hexslinger on July 11, 2023.
             Slain by a hobgoblin
             ... wielding a +0 dagger
              (4 damage)
             ... on level 2 of the Dungeon.
             The game lasted 00:00:02 (74 turns).

qw the Shooter (Minotaur Hexslinger)                  Turns: 74, Time: 00:00:02

Health: -3/16      AC:  2    Str: 12    XL:     1   Next: 50%
Magic:  1/1        EV: 12    Int: 10    God:
Gold:   0          SH:  0    Dex: 12    Spells: 1/2 levels left

rFire   . . .        a - +1 sling
rCold   . . .        (no shield)
rNeg    . . .        c - +0 robe
rPois   .            (helmet restricted)
rElec   .            (no cloak)
rCorr   .            (no gloves)
SInv    .            (no boots)
Will    .....        (no amulet)
Stlth   +            (no ring)
HPRegen 0.22/turn    (no ring)
MPRegen 0.07/turn

%: no passive effects
@: no status effects
A: horns 2, retaliatory headbutt
a: no special abilities


You were on level 2 of the Dungeon.
You visited 1 branch of the dungeon, and saw 2 of its levels.


Innate Abilities, Weirdness & Mutations

You have a pair of horns on your head.
You reflexively headbutt those who attack you in melee.


   Skills:
 - Level 1.2 Fighting
 + Level 2.6 Ranged Weapons
 - Level 2.1 Dodging
 - Level 1.0 Spellcasting
 - Level 2.0 Hexes


You had one spell level left.
You knew the following spells:

 Your Spells              Type           Power      Damage    Failure   Level
a - Slow                  Hex            16%        N/A       16%         1

Your spell library contained the following spells:

 Spells                   Type           Power      Damage    Failure   Level
 Inner Flame              Hex/Fire       2%         N/A       56%         3
 Portal Projectile        Hex/Tloc       4%         N/A       56%         3
 Cause Fear               Hex            2%         N/A       83%         4

Inventory:

Hand Weapons
 a - a +1 sling (weapon)
Armour
 c - a +0 robe (worn)
Scrolls
 b - a scroll of poison
 d - a scroll of identify {unknown}

Dungeon Overview and Level Annotations

Branches:
Dungeon (1/15)

Altars:


Message History

The quokka misses you.
You shoot a sling bullet.
The sling bullet closely misses the quokka.
The sling bullet misses the kobold.
The quokka bites you.
You shoot a sling bullet.
The sling bullet closely misses the kobold.
The quokka bites you but does no damage.
The kobold hits you but does no damage.
A hobgoblin comes into view. It is wielding a +0 dagger.
The quokka bites you.
You shoot a sling bullet.
The sling bullet closely misses the kobold.
The kobold completely misses you.
The quokka bites you but does no damage.
The kobold misses you.
You shoot a sling bullet. The sling bullet hits the kobold.
You kill the kobold!
The quokka misses you. The quokka closely misses you. You furiously retaliate!
You headbutt the quokka.
You kill the quokka!
You shoot a sling bullet.
The sling bullet hits the hobgoblin but does no damage.
The hobgoblin completely misses you.
You shoot a sling bullet.
The sling bullet closely misses the hobgoblin.
The hobgoblin barely misses you. x2
You shoot a sling bullet.
The sling bullet barely misses the hobgoblin.
The hobgoblin hits you with a +0 dagger.
You shoot a sling bullet.
The sling bullet hits the hobgoblin but does no damage.
The hobgoblin hits you with a +0 dagger!
You shoot a sling bullet.
The sling bullet hits the hobgoblin but does no damage.
The hobgoblin hits you with a +0 dagger.
You shoot a sling bullet.
The sling bullet closely misses the hobgoblin.
The hobgoblin hits you with a +0 dagger.
You die...

##
#############
..
#...........#
.#
#.##.#.####.#
.# #. #...#
#.# .#
#.###..##
#.###.##
#.......#
#.##...#
#.......#
#...@#
#.......#
####.g.#
#.......#
...##
#.......#
....#
#.......#
......
#.......#
#.....##
####)####
#.....# #.#
####### #.#


You could see a hobgoblin.

Vanquished Creatures
  2 kobolds (D:2)
  A quokka (D:2)
3 creatures vanquished.

Notes
Turn   | Place    | Note
-------+----------+-------------------------------------------
     0 | D:1      | qw the Minotaur Hexslinger began the quest for the Orb.
     0 | D:1      | Reached XP level 1. HP: 16/16 MP: 1/1
     0 | D:1      | 0 ||| qw: Version: 0.3-a-52-g30416fa
     0 | D:1      | 0 ||| qw: Game counter: 5475
     0 | D:1      | 0 ||| qw: Melee chars always use a shield: true
     0 | D:1      | 0 ||| qw: God list: Okawaru
     0 | D:1      | 0 ||| qw: Allow faded altars: false
     0 | D:1      | 0 ||| qw: Do Orc after clearing Dungeon:15 true
     0 | D:1      | 0 ||| qw: Do second Lair branch before Depths: true
     0 | D:1      | 0 ||| qw: Lair rune preference: random
     0 | D:1      | 0 ||| qw: Goals: Normal
     0 | D:1      | 0 ||| PLANNING D:1-11
    31 | D:1      | You fall into a shaft and drop 1 floor!
    73 | D:2      | HP: 1/16 [hobgoblin/+0 dagger (5)]
    74 | D:2      | Slain by a hobgoblin

Levels and vault maps discovered:
D:1:      lightli_arrival_flooded_house, layout_basic
D:2:      layout_loops_cross

Action                     || total
---------------------------++-------
   Fire: Sling             ||    15
 Armour: Robe              ||     4
  Dodge: Dodged            ||     9

Table legend:
 A = Non-vault XP
 B = Vault XP
 C = Vault XP percentage of total XP
 D = Non-vault monster count
 E = Vault monster count
 F = Vault count percentage of total count
                 A         B        C        D         E       F
            +---------+---------+-------+---------+---------+-------
      Total |       6 |       0 |   0.0 |       3 |       0 |   0.0
            +---------+---------+-------+---------+---------+-------
        D:2 |       6 |       0 |   0.0 |       3 |       0 |   0.0
            +---------+---------+-------+---------+---------+-------
